 Dungeon Crawl Stone Soup version 0.29-a0-100-g60f898f876 (webtiles) character file.

Game seed: 10750029578486747999

3405 drugrobin the Spear-Bearer (level 9, 0/67 HPs)
             Began as a Demigod Warper on Feb 14, 2022.
             Slain by a killer bee (2 damage)
             ... on level 9 of the Dungeon.
             The game lasted 00:32:19 (11329 turns).

drugrobin the Spear-Bearer (Demigod Warper)        Turns: 11329, Time: 00:32:19

Health: 0/67       AC:  6    Str: 20    XL:     9   Next: 47%
Magic:  14/14      EV: 11    Int: 28    God:
Gold:   488        SH:  4    Dex: 17    Spells: 0/11 levels left

rFire   . . .      SeeInvis .   a - +0 spear (flame)
rCold   . . .      Faith    .   q - +0 buckler
rNeg    . . .      Spirit   .   k - +1 leather armour "Xuathrah" {Will+ Int+7}
rPois   .          Reflect  .   (no helmet)
rElec   .          Harm     .   u - +0 cloak
rCorr   .          Rampage  .   (no gloves)
Will    ++...                   G - +0 pair of boots
Stlth   +.........              Q - amulet of regeneration
HPRegen 1.01/turn               n - +6 ring of intelligence
MPRegen 0.14/turn               C - ring of willpower

@: mighty
A: high MP 1, forlorn, divine attributes
a: no special abilities


You were on level 9 of the Dungeon.
You visited 1 branch of the dungeon, and saw 9 of its levels.

You collected 488 gold pieces.

Inventory:

Hand Weapons
 a - a +0 spear of flaming (weapon)
 b - a +0 hand crossbow
 m - a +0 trident
 t - a +0 short sword of venom
 R - a +0 hunting sling
Missiles
 d - 5 boomerangs of dispersal
 f - 326 stones
 h - a boomerang (quivered)
 w - 5 poisoned darts
 E - a throwing net
 H - 65 bolts
 N - 45 sling bullets
Armour
 j - a +2 robe of resistance
 k - the +1 leather armour "Xuathrah" (worn) {Will+ Int+7}
   (You found it on level 2 of the Dungeon)

   Int:       It affects your intelligence (+7).
   Will:      It increases your willpower.
 q - a +0 buckler (worn)
 u - a +0 cloak (worn)
 G - a +0 pair of boots (worn)
 J - a +0 troll leather armour
Magical Staves
 p - a staff of cold
Jewellery
 e - a ring of ice
 n - a +6 ring of intelligence (left hand)
 o - an amulet of magic regeneration
 C - a ring of willpower (right hand)
 K - a ring of protection from cold
 Q - an amulet of regeneration (around neck)
Wands
 y - a wand of flame (24)
 F - a wand of paralysis (2)
Scrolls
 c - 2 scrolls of blinking
 i - a scroll of fear {unknown}
 s - 5 scrolls of teleportation {unknown}
 A - a scroll of noise {unknown}
 B - 2 scrolls of amnesia {unknown}
 D - 9 scrolls of identify
 L - a scroll of holy word {unknown}
 O - a scroll of fog {unknown}
 T - 2 scrolls of immolation {unknown}
Potions
 g - 3 potions of resistance
 l - a potion of haste
 r - a potion of brilliance
 v - 2 potions of might
 x - 2 potions of curing
 z - 3 potions of degeneration {unknown}
 I - 4 potions of mutation {unknown}
 M - a potion of flight {unknown}
 P - 2 potions of ambrosia {unknown}
 S - 2 potions of heal wounds {unknown}


   Skills:
 - Level 1.7 Fighting
 + Level 11.0 Polearms
 - Level 0.8 Throwing
 - Level 0.8 Armour
 - Level 1.7 Dodging
 - Level 1.7 Spellcasting
 + Level 7.2 Translocations


You couldn't memorise any spells.
You knew the following spells:

 Your Spells              Type           Power      Damage    Failure   Level
a - Blink                 Tloc           84%        N/A       1%          2
b - Teleport Other        Tloc           42%        N/A       2%          3
c - Passage of Golubria   Tloc           42%        N/A       8%          4
d - Wereblood             Tmut           2%         N/A       22%         2

Your spell library contained the following spells:

 Spells                   Type           Power      Damage    Failure   Level
 Gell's Gravitas          Tloc           42%        N/A       2%          3
 Lesser Beckoning         Tloc           42%        N/A       2%          3
 Animate Skeleton         Necr           4%         N/A       16%         1
 Beastly Appendage        Tmut           4%         N/A       16%         1
 Pain                     Necr           8%         1d4       16%         1
 Slow                     Hex            8%         N/A       16%         1
 Manifold Assault         Tloc           42%        N/A       22%         5
 Confusing Touch          Hex            2%         N/A       41%         3
 Spider Form              Tmut/Pois      2%         N/A       41%         3
 Summon Guardian Golem    Hex/Summ       2%         N/A       41%         3
 Tukima's Dance           Hex            2%         N/A       41%         3
 Vampiric Draining        Necr           2%         2d6       41%         3
 Summon Forest            Summ/Tloc      11%        N/A       67%         5
 Summon Mana Viper        Hex/Summ       2%         N/A       99%         5
 Yara's Violent Unravell  Hex/Tmut       1%         3d3       99%         5
 Summon Cactus Giant      Summ           1%         N/A       100%        6
 Orb of Destruction       Conj           1%         9d5       100%        7
 Spellforged Servitor     Conj/Summ      1%         N/A       100%        7


Dungeon Overview and Level Annotations

Branches:
Dungeon (9/15)             Temple (0/1) D:4
   Lair: D:8-11         Orc: D:9-12

Shops:
D:5 *   D:6 (

Annotations:
D:8 Joseph


Innate Abilities, Weirdness & Mutations

You have an increased reservoir of magic. (+10% MP)
You shall have no god before yourself.
Your divine heritage dramatically boosts your attributes as you level up.


Message History

* * * LOW HITPOINT WARNING * * *
Unknown command.
Unknown command.
You puncture the killer bee! You burn the killer bee.
You kill the killer bee!
You miss the killer bee. The killer bee closely misses you.
You closely miss the killer bee. The killer bee stings you.
* * * LOW HITPOINT WARNING * * *
You barely miss the killer bee. The killer bee stings you!
* * * LOW HITPOINT WARNING * * *
You hit the killer bee. You burn the killer bee.
The killer bee is lightly wounded.
The killer bee stings you but does no damage.
You block the killer bee's attack.
Unknown command.
You puncture the killer bee! You burn the killer bee.
You kill the killer bee!
Unknown command.
Unknown command.
Unknown command.
Okay, then.
Unknown command.
You barely miss the killer bee. You block the killer bee's attack.
Unknown command.
Unknown command.
You puncture the killer bee! You burn the killer bee.
The killer bee is severely wounded.
The killer bee closely misses you.
Unknown command.
Unknown command.
You closely miss the killer bee.
The killer bee is severely wounded.
The killer bee stings you but does no damage.
Unknown command.
You miss the killer bee.
The killer bee is severely wounded.
The killer bee stings you!
* * * LOW HITPOINT WARNING * * *
The killer bee stings you.
You die...

# #.. #. ..##
#.###... #.#....
..... ... #######
#.# #...... #@#
#.##... # #y#
#.##y## #.#.# #y##.#
####.#.######.
##.##<#
#.............
#...#.## #.<#
#....#....#
#...#########...#..#
#.........
..##.#...#
#......#.#
#.##...#..


You could see a killer bee.

Vanquished Creatures
  A troll (D:5)
  A steam dragon (D:7)
  3 water moccasins
  3 orc warriors
  A black bear (D:8)
  An ice beast (D:4)
  A sky beast (D:7)
  3 ogres
  2 centaurs (D:7)
  A kobold brigand (D:8)
  2 bullfrogs (D:7)
  A scorpion (D:7)
  A water moccasin skeleton (D:6)
  14 killer bees
  2 centaur zombies
  A gnoll shaman (D:3)
  2 hounds
  An orc priest (D:8)
  2 jellies
  4 centaur skeletons
  Natasha (D:4)
  Terence (D:2)
  2 iguanas
  5 orc wizards
  A killer bee zombie (D:7)
  3 hound skeletons
  A howler monkey zombie (D:8)
  4 gnolls (D:4)
  A howler monkey skeleton (D:4)
  5 adders
  A white imp (D:8)
  2 ufetubi
  3 adder skeletons
  A dart slug (D:1)
  12 orcs
  7 endoplasms
  3 giant cockroaches
  5 goblins
  10 hobgoblins
  3 jackals (D:1)
  11 kobolds
  4 quokkas (D:1)
  12 ball pythons
  9 bats
  5 frilled lizards
  9 rats
168 creatures vanquished.

Notes
Turn   | Place    | Note
-------+----------+-------------------------------------------
     0 | D:1      | drugrobin the Demigod Warper began the quest for the Orb.
     0 | D:1      | Reached XP level 1. HP: 17/17 MP: 5/5
    50 | D:1      | Reached skill level 2 in Polearms
   284 | D:1      | Reached XP level 2. HP: 24/24 MP: 7/7
   397 | D:1      | Reached skill level 3 in Polearms
   720 | D:1      | Reached XP level 3. HP: 19/29 MP: 8/8
  1586 | D:2      | Learned a level 2 spell: Blink
  1590 | D:2      | Learned a level 3 spell: Teleport Other
  1751 | D:2      | Identified the +1 leather armour "Xuathrah" {Will+ Int+7}
  1952 | D:2      | Noticed Terence
  2191 | D:2      | Reached skill level 4 in Polearms
  2591 | D:2      | Killed Terence
  2592 | D:2      | Reached XP level 4. HP: 9/36 MP: 9/9
  4195 | D:3      | Reached skill level 5 in Polearms
  4195 | D:3      | Reached XP level 5. HP: 32/41 MP: 10/10
  4695 | D:4      | Found a staircase to the Ecumenical Temple.
  4746 | D:4      | Noticed an ice beast
  5262 | D:4      | Noticed an ogre
  5293 | D:4      | HP: 2/41 [ogre (27)]
  5351 | D:4      | Killed an ogre
  5352 | D:4      | Reached skill level 6 in Polearms
  5446 | D:4      | Reached XP level 6. HP: 21/48 MP: 11/11
  5849 | D:4      | Noticed Natasha
  5865 | D:4      | Killed Natasha
  6152 | D:4      | Reached skill level 7 in Polearms
  6449 | D:5      | Entered Level 5 of the Dungeon
  6925 | D:5      | Reached XP level 7. HP: 44/53 MP: 10/12
  7039 | D:5      | Noticed a troll
  7086 | D:5      | Killed a troll
  7087 | D:5      | Reached skill level 8 in Polearms
  7287 | D:5      | Found Caaji's Fire Supplies.
  7635 | D:6      | Learned a level 4 spell: Passage of Golubria
  8060 | D:6      | HP: 1/53 [orc warrior (8)]
  8071 | D:6      | Reached skill level 9 in Polearms
  8217 | D:6      | Found Ecsareokk's Antique Weapon Shop.
  8326 | D:6      | Reached XP level 8. HP: 57/60 MP: 13/13
  9006 | D:7      | HP: 3/60 [killer bee zombie (5)]
  9240 | D:7      | Reached skill level 5 in Translocations
  9473 | D:7      | Reached skill level 10 in Polearms
  9582 | D:8      | Noticed Joseph
  9776 | D:7      | Reached XP level 9. HP: 30/67 MP: 8/14
  9845 | D:7      | Learned a level 2 spell: Wereblood
 11303 | D:9      | Reached skill level 11 in Polearms
 11329 | D:9      | HP: 2/67 [killer bee (8)]
 11329 | D:9      | Slain by a killer bee

Illustrated notes

Levels and vault maps discovered:
D:1:      onia_arrival_handbag, layout_basic,
          hellmonk_ecumenical_altar_heavens_door, ebering_dispersal_statue_hall
D:2:      minmay_thinvault, layout_rooms, dk_noncrumbling_2,
          minmay_strange_pillars, uniq_terence
D:3:      layout_basic
D:4:      layout_rooms, minmay_temple_entry_wispy, serial_co_window_serial,
          co_window_paths_a, co_window_corner_a, co_window_of_opportunity_a,
          co_window_of_opportunity_a, co_window_corner_a,
          co_window_of_opportunity_a, co_window_corner_a, co_window_corner_b,
          co_window_2corner, co_window_unsneaky_path_d, co_window_broadway_a,
          co_window_unsneaky_path_d, co_window_paths_c, glass_columns_a,
          glass_columns_c, glass_columns_a, glass_columns_a, glass_columns_a,
          hangedman_abyss_or_decor_stabs, uniq_natasha
D:5:      layout_rooms, nicolae_shop_fire_sale [nicolae_sub_dead_trees]
D:6:      layout_basic, serial_shops, shop, minivault_10, st_stairs_12
D:7:      layout_gridville, nicolae_gozag_seed_capital, dk_rats_in_the_wall
D:8:      layout_cave_pods, uniq_joseph
D:9:      layout_loops_ring

Skill      XL: |  1  2  3  4  5  6  7  8  9 |
---------------+----------------------------+-----
Polearms       | 2 3 4 5 6 7 9 10 11 | 11.0
Translocations | 3 5 7 |  7.2
Fighting       | |  1.7
Throwing       | |  0.8
Armour         | |  0.8
Dodging        | |  1.7
Spellcasting   | |  1.7

Action                   |  1- 3 |  4- 6 |  7- 9 || total
-------------------------+-------+-------+-------++-------
Melee: Spear             |   214 |   193 |   332 ||   739
       Punch             |     3 |       |       ||     3
       Trident           |       |       |    97 ||    97
       Short sword       |       |       |    20 ||    20
 Fire: Hunting sling     |    12 |    12 |    18 ||    42
       Hand crossbow     |       |       |     7 ||     7
Throw: Stone             |     5 |       |       ||     5
       Boomerang         |    12 |    13 |    10 ||    35
       Dart              |     4 |     8 |     9 ||    21
       Throwing net      |       |       |     1 ||     1
 Cast: Blink             |     8 |    13 |    10 ||    31
       Passage of Golubr |       |       |     7 ||     7
Evoke: Wand              |       |     3 |    32 ||    35
  Use: Scroll            |     2 |     4 |     1 ||     7
       Potion            |       |       |     6 ||     6
 Stab: Sleeping          |     1 |     1 |       ||     2
       Paralysed         |       |       |    16 ||    16
       Distracted        |       |       |     1 ||     1
Armor: Leather armour    |    47 |    39 |   120 ||   206
       Troll leather arm |       |       |    10 ||    10
Dodge: Dodged            |    92 |    71 |   199 ||   362
Block: Buckler           |     2 |    15 |    61 ||    78

Table legend: (Time is in decaauts)
 A = Elapsed time spent in this place.
 B = Non-inter-level travel time spent in this place.
 C = Inter-level travel time spent in this place.
 D = Time resting spent in this place.
 E = Time spent auto-exploring this place.
 F = Levels seen in this place.
 G = Mean time per level.
                   A        B        C        D        E       F      G
               +--------+--------+--------+--------+--------+-----+--------+
         Total |  11174 |  10738 |    436 |   2297 |   5835 |   9 | 1241.6 |
       Dungeon |  11174 |  10738 |    436 |   2297 |   5835 |   9 | 1241.6 |
               +--------+--------+--------+--------+--------+-----+--------+

Top non-repeatable levels by time:
     D:3: 1815 daAuts
     D:4: 1793 daAuts
     D:1: 1561 daAuts
     D:2: 1492 daAuts
     D:8: 1451 daAuts
     D:6: 1285 daAuts
     D:7: 791 daAuts
     D:5: 760 daAuts
     D:9: 221 daAuts
